Map: Acid Plant LE

Players

Praetor - Winner!

  • Race: Zerg Zerg
  • League: Silver
  • Spawn Location: 5:00

Leviathan

  • Race: Terran Terran
  • Spawn Location: 11:00

VOD

Have the link to the VOD?

Description

Time

  • Played on: July 28, 2018, 3:44 a.m.
  • Length: 4:35
Show
View Real Time Build Order
Export as new Build Order

Praetor Zerg - Winner!

Build Orders: Pool First 

Get SALT Encoding   

  12  0:01  Drone  
  13  0:08  Drone  
  13  0:13  Extractor  
  13  0:16  Drone  
  14  0:39  Overlord  
  14  0:54  Drone, Spawning Pool  
  14  0:58  Drone x2  
  16  1:08  Drone  
  17  1:21  Drone  
  18  1:29  Overlord  
  18  1:41  Queen  
  18  1:42  Metabolic Boost  
  20  1:49  Zergling x2  
  20  1:50  Zergling x2  
  22  2:12  Zergling x4  
  24  2:16  Queen  
  24  2:20  Extractor  
  26  2:37  Zergling x4  
  27  2:45  Drone  
  27  2:50  Drone x2  
  30  2:52  Overlord  
  30  3:08  Hatchery  
  29  3:26  Drone x2, Zergling x2  
  35  3:27  Zergling x6  
  35  3:44  Zergling x2  
  35  3:53  Evolution Chamber  
  33  3:58  Roach Warren  
Show
View Real Time Build Order
Export as new Build Order

Leviathan Terran 

Build Orders:  

Get SALT Encoding   

  12  0:01  SCV  
  14  0:14  SCV  
  14  0:25  Supply Depot  
  14  0:27  SCV  
  15  0:32  Refinery  
  15  0:47  SCV  
  16  0:50  Barracks  
  16  0:59  SCV  
  17  1:15  SCV  
  18  1:28  SCV  
  19  1:35  Command Center  
  19  1:40  SCV  
  19  1:46  Supply Depot  
  20  1:54  SCV  
  21  2:02  Reaper  
  22  2:13  SCV  
  23  2:28  SCV  
  24  2:34  Marine  
  25  2:48  SCV  
  26  3:04  Barracks  
  26  3:07  Barracks Reactor  
  26  3:08  Refinery  
  26  3:09  SCV  
  27  3:28  SCV  
  28  3:46  Marine  
  28  3:47  Marine  
  30  3:53  Marine  
  31  4:01  SCV  
  30  4:11  Marine  
  30  4:12  Marine x2  
Tags
 
League
Silver
Matchup
TvZ
Opening
Pool First
Spawn Locations
Cross Positions
Add a new tag
Caveats
  • Supply blocks, unpowered buildings, or Contaminate may cause inaccurate times.
  • Supply counts are checked every 10 seconds.